 Dungeon Crawl Stone Soup version 0.28-a0-1444-g6c55d0bc0c (webtiles) character file.

Game seed: 2931587326622650257

339 Deminshera the Skirmisher (level 6, -4/51 HPs)
             Began as a Demonspawn Monk on Jan 10, 2022.
             Was a Believer of Makhleb.
             Engulfed by a steam dragon's steam (11 damage)
             ... on level 7 of the Dungeon.
             The game lasted 00:03:27 (3902 turns).

Deminshera the Skirmisher (Demonspawn Monk)         Turns: 3902, Time: 00:03:28

Health: -4/51      AC:  4    Str: 13    XL:     6   Next: 29%
Magic:  6/6        EV: 12    Int: 12    God:    Makhleb [**....]
Gold:   202        SH:  4    Dex: 15    Spells: 5/5 levels left

rFire   . . .      SeeInvis .   q - +2 whip (elec)
rCold   . . .      Faith    .   (no shield)
rNeg    . . .      Spirit   .   g - +0 leather armour
rPois   .          Reflect  .   (no helmet)
rElec   .          Harm     .   (no cloak)
rCorr   .          Rampage  .   j - +0 pair of gloves
Will    .....                   (no boots)
Stlth   ++........              f - amulet of the acrobat
HPRegen 0.17/turn               (no ring)
MPRegen 0.10/turn               (no ring)

@: no status effects
A: large bone plates 1, icemail 1, condensation shield, demonic magic 1
a: Renounce Religion, Minor Destruction


You were on level 7 of the Dungeon.
You worshipped Makhleb.
Makhleb was pleased with you.
You visited 1 branch of the dungeon, and saw 5 of its levels.

You collected 202 gold pieces.

Inventory:

Hand Weapons
 q - a +2 whip of electrocution (weapon)
Armour
 a - a +0 robe
 g - a +0 leather armour (worn)
 j - a +0 pair of gloves (worn)
Jewellery
 f - an amulet of the acrobat (around neck)
 m - a ring of fire
Wands
 k - a wand of acid (7)
 p - a wand of polymorph (9)
 s - a wand of flame (21)
 v - a wand of charming (11)
Scrolls
 b - 4 scrolls of teleportation {unknown}
 d - a scroll of identify {unknown}
 i - a scroll of vulnerability {unknown}
 l - a scroll of fear {unknown}
 u - 2 scrolls of magic mapping {unknown}
Potions
 c - 2 potions of curing
 e - 2 potions of attraction {unknown}
 h - a potion of ambrosia
 n - a potion of berserk rage
 o - 2 potions of degeneration {unknown}
 r - a potion of flight {unknown}
 t - 3 potions of heal wounds {unknown}


   Skills:
 - Level 5.0 Fighting
 - Level 3.0 Dodging
 - Level 2.1 Stealth
 + Level 4.5 Unarmed Combat
 + Level 2.0 Evocations


You had 5 spell levels left.
You didn't know any spells.
Your spell library contained the following spells:

 Spells                   Type           Power      Damage    Failure   Level
 Fulminant Prism          Conj/Hex       0%         3d6       99%         4
 Iskenderun's Mystic Bla  Conj/Tloc      0%         2d3       99%         4
 Lee's Rapid Deconstruct  Erth           0%         3d5*      100%        5
 Malign Gateway           Summ/Tloc      0%         N/A       100%        7
 Summon Horrible Things   Summ           0%         N/A       100%        8


Dungeon Overview and Level Annotations

Branches:
Dungeon (4/15)
 Temple: D:4-7

Altars:
Makhleb
Okawaru


Innate Abilities, Weirdness & Mutations

You are partially covered in large bone plates. (SH +4)
A meltable icy envelope protects you from harm. (AC +0)
A meltable shield of frost defends you. (SH +0)
Spells you cast may paralyse adjacent enemies.


Message History

Your icy defenses dissipate!
You closely miss the steam dragon.
You are engulfed in a cloud of scalding steam.
The steam dragon bites you. The steam dragon claws you.
You hit the steam dragon but do no damage.
The steam dragon bites you!
The steam dragon claws you but does no damage.
You hit the steam dragon.
The steam dragon is lightly wounded.
You hear the faint creaking of a distant portcullis.
The steam dragon bites you but does no damage.
The steam dragon claws you.
You are too injured to fight recklessly!
You are too injured to fight recklessly!
You are too injured to fight recklessly!
You are too injured to fight recklessly!
You are too injured to fight recklessly!
You are too injured to fight recklessly!
You are too injured to fight recklessly!
You are too injured to fight recklessly!
You are too injured to fight recklessly!
You are too injured to fight recklessly!
You are too injured to fight recklessly!
You are too injured to fight recklessly!
You are too injured to fight recklessly!
You are too injured to fight recklessly!
You are too injured to fight recklessly!
You are too injured to fight recklessly!
You are too injured to fight recklessly!
Unknown command.
The steam dragon misses you. x2
You hit the steam dragon.
The steam dragon is lightly wounded.
The steam dragon breathes steam at you. The ball of steam hits you!
* * * LOW HITPOINT WARNING * * *
You hit the steam dragon but do no damage.
The steam dragon is lightly wounded.
You are engulfed in a cloud of scalding steam.
You die...

#.. #... #.# ... #.#
... #.# .. #.# #. #§#
. #§# #
#.##@######### #
#..?D........##.#####
####.#######.##......
#.# #.#######. ..#
#.#...(... #.##
#.#.#.#.#. #.
#.....#.## #.
###.###.## #(
###)....##


You could see a steam dragon (catching breath).

Vanquished Creatures
  A phantom (D:7)
  Ijyb (D:2)
  An orc wizard (D:2)
  4 gnolls (D:2)
  A howler monkey skeleton (D:3)
  9 adders
  A worm (D:2)
  3 dart slugs
  6 orcs
  8 ball pythons
  4 bats
  4 endoplasms
  8 goblins (D:2)
  3 hobgoblins
  A quokka (D:2)
  5 frilled lizards
  11 kobolds
  8 rats
79 creatures vanquished.

Notes
Turn   | Place    | Note
-------+----------+-------------------------------------------
     0 | D:1      | Deminshera the Demonspawn Monk began the quest for the Orb.
     0 | D:1      | Reached XP level 1. HP: 18/18 MP: 1/1
   380 | D:1      | Gained mutation: You are partially covered in large bone
                  | plates. (SH +4) [demonic ancestry]
   380 | D:1      | Reached XP level 2. HP: 24/24 MP: 2/2
   842 | D:2      | Reached XP level 3. HP: 22/29 MP: 3/3
  1359 | D:2      | Gained mutation: A meltable shield of frost defends you.
                  | (SH +0) [demonic ancestry]
  1359 | D:2      | Reached XP level 4. HP: 13/37 MP: 4/4
  1637 | D:2      | Reached skill level 4 in Fighting
  2273 | D:2      | Gained mutation: A meltable icy envelope protects you from
                  | harm. (AC +0) [demonic ancestry]
  2273 | D:2      | Reached XP level 5. HP: 7/43 MP: 5/5
  2614 | D:2      | Noticed Ijyb
  2639 | D:2      | Killed Ijyb
  2855 | D:2      | HP: 2/43 [orc (18)]
  3264 | D:3      | Reached skill level 1 in Evocations
  3359 | D:3      | Found a burning altar of Makhleb.
  3373 | D:3      | Became a worshipper of Makhleb the Destroyer
  3373 | D:3      | Reached * piety under Makhleb
  3373 | D:3      | Reached ** piety under Makhleb
  3601 | D:3      | Found an iron altar of Okawaru.
  3699 | D:4      | You fall into a shaft and drop 3 floors!
  3699 | D:7      | Noticed a phantom
  3713 | D:7      | Killed a phantom
  3714 | D:7      | Reached skill level 5 in Fighting
  3714 | D:7      | Gained mutation: Spells you cast may paralyse adjacent
                  | enemies. [demonic ancestry]
  3714 | D:7      | Reached XP level 6. HP: 30/51 MP: 6/6
  3892 | D:7      | Noticed a steam dragon
  3902 | D:7      | Engulfed by a steam dragon's steam

Illustrated notes

Levels and vault maps discovered:
D:1:      denvon_arrival_planthouse, layout_basic
D:2:      kennysheep_the_goblin_king, layout_basic, minmay_increasing_density
D:3:      layout_rooms, bloody_makhleb, mainiacjoe_overflow_surrounded_room,
          minmay_ruptured
D:4:      layout_loops_ring, kennysheep_mini, kennysheep_little_box,
          nicolae_elyvilon_temple_path, uniq_blork_the_orc, uniq_duvessa
D:7:      layout_loops_ring, overflow_temple_1_default,
          minmay_temple_entry_statues, enter_bailey_2, lightli_corner_chamber

Skill      XL: |  1  2  3  4  5 |
---------------+----------------+-----
Stealth        | 2 |  2.1
Dodging        | 3 |  3.0
Unarmed Combat | 3 4 |  4.5
Fighting       | 4 5 |  5.0
Evocations     | 2 |  2.0

Action                   |  1- 3 |  4- 6 || total
-------------------------+-------+-------++-------
Melee: Unarmed           |   106 |   105 ||   211
       Punch             |     3 |     4 ||     7
       Whip              |       |    63 ||    63
Evoke: Wand              |       |     3 ||     3
  Use: Potion            |       |     3 ||     3
 Stab: Sleeping          |     4 |     2 ||     6
Armor: Robe              |     1 |       ||     1
       Leather armour    |    17 |    38 ||    55
       Skin              |       |     8 ||     8
Dodge: Dodged            |    57 |   100 ||   157
Block: Other             |    21 |    68 ||    89

Table legend: (Time is in decaauts)
 A = Elapsed time spent in this place.
 B = Non-inter-level travel time spent in this place.
 C = Inter-level travel time spent in this place.
 D = Time resting spent in this place.
 E = Time spent auto-exploring this place.
 F = Levels seen in this place.
 G = Mean time per level.
                   A        B        C        D        E       F      G
               +--------+--------+--------+--------+--------+-----+--------+
         Total |   3902 |   3836 |     66 |   1185 |   2060 |   5 |  780.4 |
       Dungeon |   3902 |   3836 |     66 |   1185 |   2060 |   5 |  780.4 |
               +--------+--------+--------+--------+--------+-----+--------+

Top non-repeatable levels by time:
     D:2: 2470 daAuts
     D:1: 683 daAuts
     D:3: 538 daAuts
     D:7: 204 daAuts
     D:4: 4 daAuts
